 Dungeon Crawl Stone Soup version 0.24.0-1-gfbc8707 (webtiles) character file.

Game seed: 18224961906291800699, levelgen mode: deterministic

417 Faca the Skirmisher (level 7, 0/59 HPs)
             Began as a Formicid Fighter on Oct 28, 2019.
             Slain by an adder (2 damage)
             ... on level 3 of the Dungeon.
             The game lasted 00:04:53 (1844 turns).

Faca the Skirmisher (Formicid Fighter)              Turns: 1844, Time: 00:04:55

Health: 0/59       AC:  7    Str: 23    XL:     7   Next: 15%
Magic:  7/7        EV:  8    Int:  7    God:
Gold:   120        SH: 10    Dex: 10    Spells: 6/6 levels left

rFire    + . .     SeeInvis +   a - +0 long sword
rCold    + . .     Gourm    .   c - +1 shield
rNeg     . . .     Faith    .   b - +0 scale mail
rPois    +         Spirit   .   (helmet unavailable)
rElec    +         Reflect  .   (no cloak)
rCorr    +         Harm     .   (no gloves)
MR       .....                  (no boots)
Stlth    ..........             (no amulet)
HPRegen  0.19/turn              (no ring)
MPRegen  0.10/turn              (no ring)

@: lethally poisoned (0 -> -10), resistant
A: permanent stasis, dig shafts and tunnels, four strong arms, antennae 3,
rugged brown scales 1, mutation resistance 1
a: Dig, Shaft Self


You were on level 3 of the Dungeon.
You were hungry.

You visited 1 branch of the dungeon, and saw 3 of its levels.

You collected 120 gold pieces.

Inventory:

Hand Weapons
 a - a +0 long sword (weapon)
 i - a +1 short sword of freezing
Armour
 b - a +0 scale mail (worn)
 c - a +1 shield (worn)
Scrolls
 j - a scroll of enchant armour
 n - a scroll of immolation {unknown}
Potions
 h - a potion of brilliance
 k - a potion of invisibility
 m - a potion of flight
Comestibles
 f - 3 rations
 l - 5 chunks of flesh


   Skills:
 + Level 6.2 Fighting
 + Level 5.2 Long Blades
 - Level 3.2 Armour
 - Level 3.6 Shields


You had 6 spell levels left.
You didn't know any spells.
Your spell library was empty.

Dungeon Overview and Level Annotations

Branches:
Dungeon (3/15)

Altars:
Elyvilon


Innate Abilities, Weirdness & Mutations

You cannot be hasted, slowed, berserked, paralysed or teleported.
You can dig through walls and to a lower floor.
Your four strong arms can wield two-handed weapons with a shield.
You have a pair of large antennae on your head. (SInv)
You are partially covered in rugged brown scales. (AC +1, +3% HP)
You are somewhat resistant to further mutation.


Message History

It was a potion of resistance.
You feel protected.
You feel sick. You block the adder's attack. The adder barely misses you.
You closely miss the adder.
The adder is severely wounded.
You feel sick. The adder bites you but does no damage.
You miss the adder.
The adder is severely wounded.
You feel sick. You block the adder's attack.
The adder bites you but does no damage.
You closely miss the adder.
The adder is severely wounded.
You block the adder's attack.
You barely miss the adder.
The adder is severely wounded.
You feel sick. The adder bites you.
* * * LOW HITPOINT WARNING * * *
You are more poisoned.
The adder poisons you! The adder bites you.
You die...

....#.. .#.#.# ....#
# # #.#.# .# #.#
#.###.##.#.##.# #.#
.........oo...# #.#
.####..###Zo### #.#
#.# #S## #.# #. #@#
#)# #
#.####.########.#.#
...........)<))..†.#
##################.#
#


You could see an adder, 3 orcs and an adder zombie.

Vanquished Creatures
  Sigmund (D:2)
  A centaur (D:2)
  A scorpion (D:3)
  4 gnolls (D:3)
  4 adders (D:2)
  2 oozes
  A dart slug (D:2)
  A leopard gecko (D:3)
  An orc (D:3)
  2 giant cockroaches (D:2)
  11 goblins
  5 hobgoblins
  A ball python (D:2)
  12 bats
  A frilled lizard (D:1)
  10 kobolds
  3 rats
61 creatures vanquished.

Notes
Turn   | Place    | Note
-------+----------+-------------------------------------------
     0 | D:1      | Faca the Formicid Fighter began the quest for the Orb.
     0 | D:1      | Reached XP level 1. HP: 18/18 MP: 1/1
   101 | D:1      | Reached XP level 2. HP: 23/24 MP: 2/2
   454 | D:1      | Reached XP level 3. HP: 29/30 MP: 3/3
   532 | D:1      | Reached skill level 4 in Fighting
   776 | D:2      | Noticed a centaur
   786 | D:2      | Killed a centaur
   786 | D:2      | Reached XP level 4. HP: 14/38 MP: 4/4
   786 | D:2      | Reached XP level 5. HP: 16/43 MP: 5/5
  1115 | D:2      | Reached skill level 5 in Fighting
  1352 | D:2      | Noticed Sigmund
  1364 | D:2      | Killed Sigmund
  1364 | D:2      | Reached XP level 6. HP: 44/52 MP: 6/6
  1511 | D:2      | Found a white marble altar of Elyvilon.
  1637 | D:3      | Reached skill level 6 in Fighting
  1640 | D:3      | Reached skill level 5 in Long Blades
  1793 | D:3      | Reached XP level 7. HP: 56/58 MP: 7/7
  1839 | D:3      | Gained mutation: You are somewhat resistant to further
                  | mutation. [potion of mutation]
  1839 | D:3      | Gained mutation: You are partially covered in rugged brown
                  | scales. (AC +1, +3% HP) [potion of mutation]
  1844 | D:3      | HP: 2/59 [adder (4)]
  1844 | D:3      | Slain by an adder

Levels and vault maps discovered:
D:1:      dpeg_arrival_chase, layout_loops_ring, minmay_misc_feat_cross,
          serial_park_tiny_1, grunt_decor_resistance, minmay_misc_feat_diagonals
D:2:      layout_rooms, elyvilon_altar_3, uniq_sigmund
D:3:      gammafunk_steamed_eel, layout_basic, first_ration,
          grunt_ministairs_15, minmay_diced_spiral

Skill      XL: |  1  2  3  4  5  6 |
---------------+-------------------+-----
Fighting       | 4 5 6 |  6.2
Long Blades    | 3 4 5 |  5.2
Armour         | |  3.2
Shields        | |  3.6

Action                   |  1- 3 |  4- 6 |  7- 9 || total
-------------------------+-------+-------+-------++-------
Melee: Long sword        |    89 |   105 |    36 ||   230
  Use: Scroll            |     3 |     6 |       ||     9
       Potion            |     1 |       |     3 ||     4
  Eat: Chunk             |       |     3 |       ||     3
Armor: Scale mail        |    41 |    34 |    11 ||    86
Dodge: Dodged            |    35 |    40 |    10 ||    85
Block: Shield            |    48 |    60 |    24 ||   132
       Rpst.: Long sword |    13 |    13 |     2 ||    28
